 Dungeon Crawl Stone Soup version 0.30-a0-1116-gebefce21f7 (webtiles) character file.

Game seed: 13456415619999632280

2956105 Chudface the Slayer (level 27, 264/264 HPs)
             Began as a Meteoran Wanderer on Apr 17, 2023.
             Was a High Priest of Okawaru.
             Escaped with the Orb
             ... and 3 runes on Apr 21, 2023!
             The game lasted 06:24:29 (25941 turns).

Chudface the Slayer (Meteoran Wanderer)            Turns: 25941, Time: 06:24:30

Health: 264/264    AC: 37    Str: 29    XL:     27
Magic:  38/38      EV: 24    Int: 27    God:    Okawaru [*****.]
Gold:   2393       SH:  0    Dex: 30    Spells: 30/42 levels left

rFire   + + .      SeeInvis +    a - +9 lajatang (speed)
rCold   + + +      Faith    .    (shield currently unavailable)
rNeg    + + +      Spirit   .    G - +8 gold dragon scales
rPois   +          Reflect  .    j - +1 hat of Indomitability {Rampage rF+ rN+ Str+4}
rElec   +          Rampage  +    J - scarf of the Turtle {rC+ rF+, Int+5 Slay+3}
rCorr   +                        h - +2 pair of gloves "Duppoan" {rCorr Int+2}
Will    +++..                    y - +2 pair of boots "Puor" {+Blink rF- Str+5 Stlth+} Stlth
                                 p - macabre finger necklace {Finger+ rN+}
HPRegen 0.64/turn                M - ring of Jethryapo {rC+ rN+ Int+6 Dex+6 Stlth-}
MPRegen 0.26/turn                O - +5 ring of evasion
                                 R - ring of see invisible

@: glowing, studying 2 skills
A: sense surroundings 3, otherworldly, glowing, explore regen, electricity
resistance
0: Orb of Zot
}: 3/15 runes: decaying, serpentine, abyssal
a: Renounce Religion, Evoke Blink, Heroism, Finesse, Duel


You escaped.
You worshipped Okawaru.
Okawaru was extremely pleased with you.
You visited 9 branches of the dungeon, and saw 47 of its levels.
You visited the Abyss 1 time.
You also visited: Trove.

You collected 6830 gold pieces.
You spent 4437 gold pieces at shops.

Inventory:

Hand Weapons
 a - a +9 lajatang of speed (weapon)
 b - the +6 triple crossbow of Contradiction {drain, *Slow rF+ Will+ rCorr}
   (Okawaru gifted it to you on level 13 of the Dungeon)

   rF:        It protects you from fire.
   rCorr:     It protects you from acid and corrosion.
   *Slow:     It may slow you when you take damage.
   Will:      It increases your willpower.
 c - a +6 vampiric lajatang
 d - the +9 battleaxe "Qaesumir" {heavy, Int-4 Dex+3}
   (You bought it in a shop on level 4 of the Depths)

   Int:       It affects your intelligence (-4).
   Dex:       It affects your dexterity (+3).
 e - a +5 hand crossbow of freezing
Missiles
 P - 4 throwing nets
 Q - 13 silver javelins
 T - 18 curare-tipped darts (quivered)
Armour
 h - the +2 pair of gloves "Duppoan" (worn) {rCorr Int+2}
   (You acquired it on level 2 of the Vaults)

   Int:       It affects your intelligence (+2).
   rCorr:     It protects you from acid and corrosion.
 j - the +1 hat of Indomitability (worn) {Rampage rF+ rN+ Str+4}
   (You found it in a treasure trove)

   Str:       It affects your strength (+4).
   rF:        It protects you from fire.
   rN:        It protects you from negative energy.
   Rampage:   It bestows one free step when moving towards enemies.
 y - the +2 pair of boots "Puor" (worn) {+Blink rF- Str+5 Stlth+}
   (Okawaru gifted it to you on level 4 of the Vaults)

   Str:       It affects your strength (+5).
   rF:        It makes you vulnerable to fire.
   +Blink:    It lets you blink.
   Stlth:     It makes you more stealthy.
 G - +8 gold dragon scales (worn)
 J - the scarf of the Turtle (worn) {rC+ rF+, Int+5 Slay+3}
   (You acquired it on level 3 of the Snake Pit)

   Int:       It affects your intelligence (+5).
   Slay:      It affects your accuracy & damage with ranged weapons and melee
   (+3).
 N - the +0 cloak "Qiapludgh" {rElec rPois rN+}
   (You found it in a treasure trove)

   rElec:     It insulates you from electricity.
   rPois:     It protects you from poison.
   rN:        It protects you from negative energy.
Jewellery
 f - a ring of protection from fire
 l - a ring of flight
 p - the macabre finger necklace (around neck) {Finger+ rN+}
   (You took it off a tengu warrior on level 3 of the Depths)

   [amulet of nothing]

   Finger+:   It enables you to equip an extra ring.
   rN:        It protects you from negative energy.
 M - the ring of Jethryapo (left hand) {rC+ rN+ Int+6 Dex+6 Stlth-}
   (You found it on level 14 of the Dungeon)

   [ring of intelligence]

   Int:       It affects your intelligence (+6).
   Dex:       It affects your dexterity (+6).
   rC:        It protects you from cold.
   rN:        It protects you from negative energy.
   Stlth:     It makes you less stealthy.
 O - a +5 ring of evasion (right hand)
 R - a ring of see invisible (on amulet)
 X - a ring of willpower
Wands
 s - a wand of iceblast (33)
 z - a wand of digging (11)
 L - a wand of light (9)
Scrolls
 g - 3 scrolls of magic mapping
 i - 15 scrolls of teleportation
 k - 3 scrolls of fear
 q - 10 scrolls of silence
 u - a scroll of poison
 v - a scroll of identify
 A - 4 scrolls of fog
 H - 2 scrolls of blinking
 S - a scroll of butterflies
 W - a scroll of brand weapon
 Y - 5 scrolls of immolation
Potions
 m - 7 potions of mutation
 n - 2 potions of berserk rage
 o - 6 potions of might
 r - 6 potions of haste
 t - 3 potions of ambrosia
 w - 8 potions of lignification
 B - 6 potions of brilliance
 E - 5 potions of heal wounds
 F - 6 potions of resistance
 K - 6 potions of magic
 U - 6 potions of attraction
 Z - 7 potions of flight
Miscellaneous
 I - a tin of tremorstones (2/2)


   Skills:
 + Level 24.6 Fighting
 - Level 20.0 Axes
 - Level 14.0 Staves
 - Level 21.0 Ranged Weapons
 - Level 10.0 Throwing
 - Level 16.0 Armour
 - Level 16.0 Dodging
 - Level 1.0 Stealth
 - Level 8.0 Spellcasting
 - Level 9.0 Hexes
 - Level 13.0 Translocations
 - Level 20.0 Invocations
 - Level 10.0 Evocations


You had 30 spell levels left.
You knew the following spells:

 Your Spells              Type           Power      Damage    Failure   Level
a - Apportation           Tloc           100%       N/A       1%          1
b - Blink                 Tloc           100%       N/A       1%          2
c - Lesser Beckoning      Tloc           100%       N/A       1%          2
d - Portal Projectile     Hex/Tloc       100%       N/A       2%          3
e - Passage of Golubria   Tloc           69%        N/A       3%          4

Your spell library contained the following spells:

 Spells                   Type           Power      Damage    Failure   Level
 Gell's Gravitas          Tloc           69%        N/A       1%          3
 Teleport Other           Tloc           69%        N/A       1%          3
 Momentum Strike          Conj/Tloc      90%        3d10      9%          2
 Ensorcelled Hibernation  Hex/Ice        70%        N/A       19%         2
 Inner Flame              Hex/Fire       35%        N/A       36%         3
 Iskenderun's Mystic Bla  Conj/Tloc      45%        2d10      50%         4
 Freeze                   Ice            40%        1d6       63%         1
 Necrotise                Necr           40%        1d6       63%         1
 Shock                    Conj/Air       40%        1d5       63%         1
 Passwall                 Tmut/Erth      8%         N/A       77%         2
 Static Discharge         Conj/Air       20%        2-3/arc   77%         2
 Sublimation of Blood     Necr           10%        N/A       77%         2
 Wereblood                Tmut           10%        N/A       77%         2
 Fulminant Prism          Conj/Hex       17%        3d10      77%         4
 Leda's Liquefaction      Hex/Erth       17%        N/A       77%         4
 Frozen Ramparts          Ice            20%        1d4       94%         3
 Hailstorm                Conj/Ice       10%        3d5       94%         3
 Ignite Poison            Fire/Tmut/Pois 10%        N/A       94%         3
 Ozocubu's Armour         Ice            10%        N/A       94%         3
 Swiftness                Air            10%        N/A       94%         3
 Silence                  Hex/Air        17%        N/A       98%         5
 Airstrike                Air            5%         2d(1-17)  100%        4
 Sticky Flame             Conj/Fire      10%        2d3       100%        4
 Iron Shot                Conj/Erth      5%         9d2       100%        6
 Ozocubu's Refrigeration  Ice            5%         4d8       100%        7
 Storm Form               Tmut/Air       5%         N/A       100%        7
 Ignition                 Fire           5%         3d4       100%        8
 Lehudib's Crystal Spear  Conj/Erth      5%         10d3      100%        8
 Maxwell's Capacitive Co  Air            5%         ∞         100%        8
 Summon Small Mammal      Summ           Unusable   N/A       N/A         1
 Summon Lightning Spire   Summ/Air       Unusable   N/A       N/A         4

Dungeon Overview and Level Annotations

Branches:
Dungeon (15/15)            Temple (0/1) D:7            Lair (5/5) D:11
  Swamp (4/4) Lair:3        Snake (4/4) Lair:2        Slime (0/5) Lair:5
    Orc (2/2) D:10            Elf (3/3) Orc:2        Vaults (5/5) D:14
  Crypt (0/3) Vaults:3     Depths (4/4) D:15            Zot (5/5) Depths:4

Altars:
Elyvilon
Gozag
Hepliaklqana
Kikubaaqudgha
Nemelex Xobeh
Okawaru
Ru
Sif Muna
Trog
Vehumet

Shops:
D:8 *   Orc:2 !((([   Snake:3 ?   Vaults:1 [=(   Vaults:2 *   Vaults:3 (
Vaults:4 (:![   Depths:3 [   Depths:4 (

Portals:
Hell: Depths:1 Depths:2 Depths:3 Depths:4
Abyss: Depths:3
Ziggurat: Depths:2

Annotations:
D:9 exclusion: downstairs
D:12 1 runed translucent door
Snake:2 exclusion: downstairs, Frances
Vaults:4 exclusion: 2 downstairs
Zot:3 1 transporter
Zot:4 2 transporters, exclusion: orange crystal statue


Innate Abilities, Weirdness & Mutations

You passively map a large area around you.
You are easily found by Zot.
You glow in the dark.
You regain HP and MP as you explore.
You are resistant to electric shocks. (rElec)


Message History

(D) Dungeon (T) Temple (L) Lair (S) Swamp (P) Snake Pit (M) Slime Pits (O) Orcish Mines (E) Elven Halls (V) Vaults (C) Crypt (U) Depths (H) Hell (Z) Zot
Where to? (Enter - D:1, ? - help)
What level of the Dungeon? (default 1, ? - help)
A hellwing comes into view.
There is a stone staircase leading up here.
You climb upwards.
There is a stone staircase leading down here.
Okay, then.
(D) Dungeon (T) Temple (L) Lair (S) Swamp (P) Snake Pit (M) Slime Pits (O) Orcish Mines (E) Elven Halls (V) Vaults (C) Crypt (U) Depths (H) Hell (Z) Zot
Where to? (Enter - D:1, ? - help)
What level of the Dungeon? (default 1, ? - help)
There is an open door here.
There is a stone staircase leading up here.
You climb upwards.
There is a stone staircase leading down here.
There is a stone staircase leading up here.
You climb upwards.
There is a stone staircase leading down here.
There is a stone staircase leading up here.
You climb upwards.
There is a stone staircase leading down here.
Found a stone staircase leading down.
There is a stone staircase leading up here.
You climb upwards.
There is a stone staircase leading down here.
There is a stone staircase leading up here.
You climb upwards.
There is a stone staircase leading down here.
There is a stone staircase leading up here.
You climb upwards.
There is a stone staircase leading down here.
Okay, then.
There is a staircase leading out of the dungeon here.
You have escaped!

..†.#.#
#.#######...##..........
P..#..# #.#
##.############# ...##.#
#.# #.# ...##.#
#.########.#######
.##.#.#*
#...#.#.#.#.......,, ,,
P# .#.#....#..#.#.#.#.#*
* * *
#,*.#....#####.#.#.#..#
# .###.. #.#.#.#.#.#
####### #.#* #.,
##.#@#.#..# #...... #.#
#. #.#.#.#.### #.#####
#.# # ##.#.#.#.# #.# #.#
, #.#.#.#.## #.# #.#,
#### #### #.# #.# * #.#
### #.#, * ##.# #.. #.#
*### #..# #.# ..#, ,..#
#.## #.


There were no monsters in sight!

Vanquished Creatures
  A dread lich (Zot:5)
  An ancient lich (Arena)
  2 orbs of fire (Zot:5)
  9 Killer Klowns (Zot:5)
  Saint Roka (Snake:2)
  2 curse toes (Zot:1)
  Vashnia (Snake:4)
  Nikola (Vaults:1)
  7 golden dragons
  2 electric golems (Zot:5)
  2 Ice Fiends
  10 tentacled monstrosities
  A lich (Zot:1)
  27 Orb Guardians
  2 deep elf blademasters
  4 quicksilver dragons
  A deep elf master archer (Arena)
  5 death cobs
  6 sphinxes
  3 tentacled starspawn (Abyss:4)
  Agnes (Snake:4)
  2 thorn hunters
  11 storm dragons
  Kirke (Snake:2)
  3 tengu reavers
  7 shadow dragons
  8 nagarajas
  13 draconian monks
  6 fenstrider witches
  2 fire giants
  4 frost giants
  9 deep elf sorcerers
  4 draconian knights
  4 draconian scorchers
  5 draconian stormcallers
  5 draconian shifters
  6 vault wardens
  4 spectral caustic shrikes (Depths:1)
  8 deep elf elementalists
  2 ghost moths
  2 orc warlords
  11 very ugly things
  13 ironbound preservers
  16 green draconians
  4 ghouls (Swamp:4)
  2 ironbound thunderhulks (Vaults:4)
  6 draconian annihilators
  A reaper (Zot:5)
  15 black draconians
  10 stone giants
  5 deep elf demonologists
  13 red draconians
  10 purple draconians
  7 deep elf annihilators (Elf:3)
  2 spark wasps (Depths:4)
  5 yellow draconians
  6 eleionomae
  9 dire elephants
  Azrael (D:12)
  5 bunyips
  17 white draconians
  3 deep elf death magi
  2 green deaths
  2 crystal guardians (Vaults:4)
  3 ettins
  4 blizzard demons
  A merfolk impaler (Abyss:4)
  7 fire dragons
  Josephine (Orc:1)
  6 deep elf high priests (Elf:3)
  A quicksilver dragon zombie (Depths:3)
  5 salamander tyrants
  5 great orbs of eyes
  4 yaktaur captains
  2 entropy weavers
  A rakshasa (Depths:3)
  16 hydras
  Erolcha (Orc:1)
  5 vault guards
  A quicksilver dragon skeleton (Zot:1)
  2 peacekeepers (Vaults:4)
  7 ice dragons
  A spriggan air mage (Depths:3)
  Erica (D:9)
  A ghost crab (Swamp:2)
  2 boulder beetles
  8 ironbound frosthearts
  4 ogre magi
  11 anacondas
  11 dancing weapons
  2 death knights (Vaults:3)
  6 two-headed ogres
  12 centaur warriors
  3 death yaks (D:11)
  10 alligators
  13 naga warriors
  7 deep troll shamans
  7 naga sharpshooters
  5 deep troll earth magi
  3 spriggan berserkers
  7 tengu warriors
  An orc high priest (Orc:1)
  6 shock serpents
  18 deep elf knights
  A thrashing horror (Abyss:4)
  3 sun demons (Depths:2)
  7 soul eaters
  A wretched star (Abyss:4)
  3 iron trolls
  A shadow wraith (Vaults:3)
  3 sixfirhies (Swamp:4)
  A skyshark (Lair:3)
  A goliath frog (Swamp:4)
  11 skeletal warriors
  A storm dragon skeleton (Depths:3)
  3 death drakes
  A flayed ghost (Depths:3)
  10 salamander mystics
  10 spriggan druids
  61 deep trolls
  5 swamp dragons
  13 deep elf archers
  A glowing orange brain (Depths:3)
  A shadow dragon zombie (Depths:3)
  6 naga ritualists
  4 harpies (Vaults:3)
  5 bog bodies
  10 lindwurms
  7 wizards
  24 deep elf zephyrmancers
  14 ironbound convokers
  36 deep elf pyromancers
  4 necromancers
  5 mana vipers
  5 orc knights
  6 orc sorcerers
  5 cyclopes
  5 will-o-the-wisps
  A large abomination (Abyss:4)
  A fire giant zombie (Vaults:1)
  37 ugly things
  16 salamanders
  A worldbinder (Abyss:4)
  7 manticores
  14 moths of wrath
  8 elephants
  7 centaur zombies (D:12)
  Joseph (D:9)
  A frost giant skeleton (Depths:3)
  A rust devil (Zot:1)
  2 elf zombies (Vaults:2)
  12 naga magi
  8 guardian serpents
  A stone giant skeleton (Vaults:1)
  26 black mambas
  2 smoke demons
  12 vault sentinels
  A hellion (Abyss:4)
  5 orange demons
  2 gargoyles
  7 cane toads
  31 yaktaurs
  A kobold demonologist (D:13)
  2 rime drakes
  A freezing wraith (Abyss:4)
  Maggie (Lair:1)
  A komodo dragon (shapeshifter) (Elf:2)
  4 komodo dragons
  4 tengu conjurers
  A guardian mummy (Depths:3)
  8 trolls
  A red devil (D:9)
  12 tyrant leeches
  2 hellwings (Swamp:4)
  4 polar bears (Lair:5)
  21 hornets
  A human zombie (Vaults:2)
  11 blink frogs
  A tarantella (shapeshifter) (D:15)
  Prince Ribbit (D:7)
  2 raiju (Abyss:4)
  6 dream sheep
  A moth of wrath zombie (Zot:1)
  A meliai zombie (D:12)
  4 air elementals
  29 slime creatures
  31 spriggans
  3 water elementals
  12 wraiths
  5 shadows
  A culicivora (Vaults:3)
  A human (Snake:2)
  2 vampires
  A wyvern (Lair:5)
  38 yaks
  3 basilisks
  6 fire elementals
  A hog (Snake:2)
  A chaos spawn (Abyss:4)
  3 steam dragons
  19 vampire mosquitoes
  4 redbacks (Vaults:4)
  Menkaure (D:6)
  9 swamp worms
  6 wargs
  50 nagas
  9 water moccasins
  4 hell hounds
  A human skeleton (Vaults:1)
  33 orc warriors
  A swamp drake (Swamp:1)
  3 ice beasts
  2 sky beasts
  5 black bears
  6 ogres
  26 wolves
  4 boggarts (Lair:5)
  16 centaurs
  2 kobold brigands
  4 phantoms
  A small abomination (Abyss:4)
  8 bullfrogs
  2 necrophages (Swamp:4)
  2 gnoll sergeants (D:9)
  3 earth elementals
  2 scorpions (D:5)
  4 killer bees (D:10)
  5 howler monkeys
  6 electric eels
  A lava snake (D:7)
  2 jellies (D:5)
  5 hounds
  7 orc priests
  An iron imp (Abyss:4)
  3 iguanas
  19 orc wizards
  A sleepcap (D:5)
  8 adders
  8 gnolls
  4 white imps
  3 ufetubi
  3 worms
  5 dart slugs
  63 orcs
  8 endoplasms
  4 giant cockroaches
  7 goblins
  8 hobgoblins
  2 quokkas (D:3)
  6 ball pythons
  2 bats
  2 frilled lizards (D:1)
  12 kobolds
  6 rats
  A lurking horror (Abyss:4)
  A spectral weapon (Zot:5)
1707 creatures vanquished.

Vanquished Creatures (others)
  A deep elf blademaster (Elf:3)
  3 wizards
  A deep elf zephyrmancer (Elf:3)
  A deep elf pyromancer (Elf:1)
  5 bloated husks
  A human (Snake:2)
  A wolf (Lair:5)
  4 bushes (Abyss:4)
  5 demonic plants (Abyss:4)
  6 foxfires
  15 fungi
  136 plants
  8 starspawn tentacles (Abyss:4)
  3 withered plants (D:12)
190 creatures vanquished.

Grand Total: 1897 creatures vanquished

Notes
Turn   | Place    | Note
-------+----------+-------------------------------------------
     0 | D:1      | Chudface the Meteoran Wanderer began the quest for the Orb.
     0 | D:1      | Chudface set off with the following items: a +2
                  | quarterstaff, a potion of curing, 10 boomerangs, a +0
                  | dagger, a scroll of silence, a +0 robe.
     0 | D:1      | Reached XP level 1. HP: 16/16 MP: 2/2
    38 | D:1      | Found a faded altar of an unknown god.
    92 | D:1      | Reached XP level 2. HP: 17/23 MP: 3/3
   288 | D:1      | Reached XP level 3. HP: 28/28 MP: 4/4
   408 | D:1      | Reached skill level 1 in Dodging
   455 | D:2      | Reached skill level 1 in Armour
   566 | D:2      | Reached XP level 4. HP: 25/36 MP: 5/5
   705 | D:2      | Reached skill level 2 in Fighting
   832 | D:3      | Reached XP level 5. HP: 41/41 MP: 6/6
   909 | D:4      | Found an iron altar of Okawaru.
   929 | D:4      | Became a worshipper of Warmaster Okawaru
  1058 | D:4      | Noticed a phantom
  1213 | D:4      | Identified 3 scrolls of acquirement
  1217 | D:3      | Acquired a +2 hand crossbow of freezing
  1221 | D:3      | Acquired 837 gold pieces
  1223 | D:3      | Acquired the +7 Kryia's mail coat {PotionHeal*2 rC+}
  1223 | D:3      | Found the +7 Kryia's mail coat {PotionHeal*2 rC+}
  1245 | D:4      | Killed a phantom
  1246 | D:4      | Reached skill level 1 in Ranged Weapons
  1246 | D:4      | Reached skill level 1 in Invocations
  1246 | D:4      | Reached XP level 6. HP: 48/50 MP: 7/7
  1262 | D:4      | Noticed an ogre
  1268 | D:4      | Killed an ogre
  1268 | D:4      | Reached * piety under Okawaru
  1286 | D:4      | Reached XP level 7. HP: 56/56 MP: 9/9
  1357 | D:5      | Entered Level 5 of the Dungeon
  1365 | D:5      | Noticed a water moccasin
  1376 | D:5      | Killed a water moccasin
  1377 | D:5      | Reached skill level 3 in Fighting
  1476 | D:5      | Reached ** piety under Okawaru
  1477 | D:5      | Reached XP level 8. HP: 60/66 MP: 11/11
  1585 | D:5      | Reached skill level 4 in Fighting
  1720 | D:5      | Reached *** piety under Okawaru
  1815 | D:5      | Reached skill level 5 in Fighting
  1815 | D:5      | Reached skill level 5 in Invocations
  1815 | D:5      | Gained mutation: You passively map the area around you.
                  | [Meteoran growth]
  1815 | D:5      | Reached XP level 9. HP: 40/74 MP: 11/13
  2169 | D:6      | Reached skill level 5 in Ranged Weapons
  2185 | D:6      | Noticed Menkaure
  2187 | D:6      | Killed Menkaure
  2315 | D:7      | Reached skill level 6 in Fighting
  2321 | D:7      | Found a bloodstained altar of Trog.
  2357 | D:7      | Found a white marble altar of Elyvilon.
  2421 | D:7      | Reached **** piety under Okawaru
  2422 | D:7      | Reached XP level 10. HP: 83/83 MP: 15/15
  2493 | D:7      | Noticed Prince Ribbit
  2508 | D:7      | Killed Prince Ribbit
  2509 | D:7      | Reached skill level 5 in Armour
  2517 | D:7      | Reached skill level 5 in Dodging
  2532 | D:7      | Found a sacrificial altar of Ru.
  2532 | D:7      | Found an opulent altar of Gozag.
  2602 | D:7      | Found a staircase to the Ecumenical Temple.
  2721 | D:8      | Found Niykiad's Elemental Accessories.
  2734 | D:8      | Bought a wand of flame (8) for 61 gold pieces
  2914 | D:8      | Found a sparkling altar of Nemelex Xobeh.
  2950 | D:8      | Reached skill level 7 in Fighting
  3097 | D:9      | Reached skill level 10 in Staves
  3099 | D:9      | Identified the +1 scale mail of Refuge {Int+2}
  3161 | D:9      | Paralysed by a hornet for 2 turns
  3200 | D:10     | Entered Level 10 of the Dungeon
  3200 | D:10     | Noticed a cyclops
  3230 | D:9      | Reached XP level 11. HP: 51/92 MP: 18/18
  3255 | D:9      | Noticed Joseph
  3255 | D:9      | Noticed a cyan ugly thing
  3274 | D:9      | Killed Joseph
  3274 | D:9      | Reached ***** piety under Okawaru
  3533 | D:9      | Noticed Erica
  3539 | D:9      | Killed Erica
  3540 | D:9      | Reached skill level 8 in Fighting
  3737 | D:9      | Reached skill level 5 in Evocations
  3778 | D:10     | Killed a cyclops
  3892 | D:10     | Found a staircase to the Orcish Mines.
  3923 | Orc:1    | Entered Level 1 of the Orcish Mines
  3991 | D:12     | Noticed a manticore
  4000 | D:12     | Killed a manticore
  4001 | D:12     | Reached skill level 9 in Fighting
  4001 | D:12     | Reached skill level 10 in Invocations
  4092 | D:11     | Received a gift from Okawaru
  4123 | D:11     | Noticed a two-headed ogre
  4131 | D:11     | Killed a two-headed ogre
  4132 | D:11     | Reached XP level 12. HP: 106/106 MP: 17/20
  4143 | D:11     | Reached skill level 10 in Fighting
  4175 | D:11     | Received a gift from Okawaru
  4223 | D:12     | Noticed Azrael
  4253 | D:11     | Found a staircase to the Lair.
  4268 | Lair:1   | Entered Level 1 of the Lair of Beasts
  4268 | Lair:1   | Noticed a death yak
  4268 | Lair:1   | Noticed a death yak
  4268 | Lair:1   | Noticed a death yak
  4288 | D:11     | Killed a death yak
  4289 | D:11     | Reached skill level 10 in Ranged Weapons
  4364 | D:12     | Noticed a boulder beetle
  4387 | D:11     | Killed a boulder beetle
  4546 | D:10     | Found an ancient bone altar of Kikubaaqudgha.
  4578 | D:10     | Got Kikubaaqudgha's Lessons on Death
  4584 | D:10     | Found a radiant altar of Vehumet.
  4600 | D:10     | Found a shimmering blue altar of Sif Muna.
  4892 | D:10     | Noticed a white very ugly thing
  4946 | D:10     | Killed a purple very ugly thing
  5024 | D:10     | Reached XP level 13. HP: 70/115 MP: 19/22
  5033 | D:10     | Reached skill level 11 in Fighting
  5063 | D:10     | Got the Folio of Bombardment and the Rocks
  5240 | Orc:2    | Entered Level 2 of the Orcish Mines
  5242 | Orc:2    | Noticed a two-headed ogre
  5242 | Orc:2    | Noticed Erolcha
  5443 | Orc:2    | Noticed Josephine
  5469 | Orc:1    | Killed Josephine
  5491 | Orc:2    | Noticed a two-headed ogre
  5623 | D:10     | Killed a two-headed ogre
  5673 | Orc:1    | Killed Erolcha
  5688 | Orc:2    | Found Sorya's Distillery.
  5695 | Orc:2    | Bought a potion of curing for 36 gold pieces
  5695 | Orc:2    | Bought a potion of might for 48 gold pieces
  5695 | Orc:2    | Bought a potion of lignification for 36 gold pieces
  5695 | Orc:2    | Bought a potion of heal wounds for 60 gold pieces
  5695 | Orc:2    | Bought a potion of degeneration for 12 gold pieces
  5695 | Orc:2    | Bought a potion of ambrosia for 96 gold pieces
  5744 | Orc:2    | Identified the +0 cloak of the Grue {rElec Str+3 Dex-3}
                  | (Okawaru gifted it to you on level 2 of the Orcish Mines)
  5744 | Orc:2    | Received a gift from Okawaru
  5773 | Orc:2    | Killed a two-headed ogre
  5775 | Orc:2    | Found a staircase to the Elven Halls.
  5807 | Orc:2    | Reached skill level 12 in Fighting
  5848 | Orc:2    | Found Umpodghe's Antique Weapon Emporium.
  5848 | Orc:2    | Found Rokeic's Antique Weapon Boutique.
  5851 | Orc:2    | Found Cego's Weapon Shop.
  5853 | Orc:2    | Found Biuxodgh's Antique Armour Shoppe.
  5866 | Orc:2    | Bought a fine quarterstaff for 162 gold pieces
  5866 | Orc:2    | Identified the +4 quarterstaff of the Jester {freeze, rF++
                  | Dex-4} (You bought it in a shop on level 2 of the Orcish
                  | Mines)
  5867 | Orc:2    | Bought a runed arbalest for 180 gold pieces
  5877 | Orc:2    | Bought a runed lajatang for 324 gold pieces
  6007 | D:12     | Killed Azrael
  6022 | D:12     | Reached XP level 14. HP: 53/126 MP: 24/24
  6208 | D:15     | Entered Level 15 of the Dungeon
  6333 | D:12     | Reached ****** piety under Okawaru
  6419 | D:12     | Reached skill level 10 in Armour
  6419 | D:12     | Reached skill level 10 in Dodging
  6432 | D:12     | Received a gift from Okawaru
  6639 | D:12     | Found a runed translucent door.
  6641 | D:12     | Noticed an ettin
  6641 | D:12     | Noticed a fire giant
  6856 | D:13     | Identified the +1 rapier of Destruction {flame, rElec rF+
                  | Int+5}
  6870 | D:13     | Reached skill level 13 in Fighting
  6989 | D:13     | Learned a level 1 spell: Apportation
  7166 | D:13     | Reached skill level 1 in Spellcasting
  7166 | D:13     | Reached skill level 1 in Translocations
  7246 | D:13     | Identified the +6 triple crossbow of Contradiction {drain,
                  | *Slow rF+ Will+ rCorr} (Okawaru gifted it to you on level
                  | 13 of the Dungeon)
  7246 | D:13     | Received a gift from Okawaru
  7440 | D:14     | Reached XP level 15. HP: 77/136 MP: 26/26
  7750 | D:14     | Found a gate to the Vaults.
  7832 | D:14     | Received a gift from Okawaru
  7960 | D:11     | Reached skill level 15 in Invocations
  7960 | D:11     | Upgraded the game from 0.30-a0-1094-g860fb061e7 to
                  | 0.30-a0-1103-g25895a7845
  8105 | Lair:2   | Reached skill level 14 in Fighting
  8216 | Lair:1   | Noticed Maggie
  8220 | Lair:1   | Killed Maggie
  8340 | Lair:2   | Found a staircase to the Snake Pit.
  8568 | Lair:3   | Received a gift from Okawaru
  8660 | Lair:3   | Found a staircase to the Swamp.
  9043 | Lair:4   | Received a gift from Okawaru
  9049 | Lair:5   | Entered Level 5 of the Lair of Beasts
  9162 | Lair:5   | Found a staircase to the Slime Pits.
  9194 | Lair:4   | Received a gift from Okawaru
  9195 | Lair:4   | Reached skill level 5 in Translocations
  9477 | Lair:5   | Reached XP level 16. HP: 96/143 MP: 26/28
  9556 | Lair:5   | Identified the +0 buckler of Happy Babbling {Fly rElec
                  | Dex+3} (Okawaru gifted it to you on level 5 of the Lair of
                  | Beasts)
  9556 | Lair:5   | Received a gift from Okawaru
  9661 | Lair:5   | Identified the +2 chain mail "Uwuadd" {rCorr Str-2 Int+3}
  9961 | Swamp:1  | Entered Level 1 of the Swamp
  9966 | Swamp:1  | Noticed a thorn hunter
  9995 | Lair:3   | Killed a thorn hunter
 10082 | Swamp:1  | Reached skill level 15 in Fighting
 10369 | Swamp:4  | Entered Level 4 of the Swamp
 10585 | Swamp:2  | Identified the +2 arbalest "Vuih" {heavy, Str+2} (Okawaru
                  | gifted it to you on level 2 of the Swamp)
 10585 | Swamp:2  | Received a gift from Okawaru
 10713 | Swamp:3  | Reached XP level 17. HP: 156/156 MP: 29/29
 10743 | Swamp:3  | Reached skill level 5 in Throwing
 10766 | Swamp:3  | Acquired a manual of Axes
 10821 | Swamp:3  | Reached skill level 1 in Axes
 10977 | Swamp:4  | Received a gift from Okawaru
 10978 | Swamp:4  | Reached skill level 5 in Axes
 11003 | Swamp:4  | Noticed a thorn hunter
 11009 | Swamp:4  | Killed a thorn hunter
 11096 | Swamp:4  | Identified the +0 pair of boots "Loytzau" {Rampage Int+2}
                  | (Okawaru gifted it to you on level 4 of the Swamp)
 11096 | Swamp:4  | Received a gift from Okawaru
 11271 | Swamp:4  | Noticed a fenstrider witch
 11321 | Swamp:4  | Killed a fenstrider witch
 11392 | Swamp:4  | Reached skill level 15 in Ranged Weapons
 11511 | Swamp:4  | Noticed a fenstrider witch
 11525 | Swamp:4  | Noticed a fenstrider witch
 11526 | Swamp:4  | Killed a fenstrider witch
 11531 | Swamp:4  | Noticed a fenstrider witch
 11538 | Swamp:4  | Killed a fenstrider witch
 11539 | Swamp:4  | Reached skill level 10 in Axes
 11539 | Swamp:4  | Gained mutation: You passively map a large area around you.
                  | [Meteoran growth]
 11539 | Swamp:4  | Reached XP level 18. HP: 120/163 MP: 30/30
 11594 | Swamp:4  | Got a decaying rune of Zot
 11733 | Swamp:4  | Received a gift from Okawaru
 11884 | Swamp:2  | Learned a level 2 spell: Blink
 11887 | Swamp:2  | Learned a level 2 spell: Lesser Beckoning
 11918 | Swamp:1  | Received a gift from Okawaru
 12184 | Snake:1  | Entered Level 1 of the Snake Pit
 12478 | Arena    | Entered the Arena
 12601 | Snake:2  | Upgraded the game from 0.30-a0-1103-g25895a7845 to
                  | 0.30-a0-1112-gfb780f5df6
 12612 | Snake:2  | Noticed Frances
 12794 | Snake:1  | Received a gift from Okawaru
 12864 | Snake:2  | Received a gift from Okawaru
 12956 | Snake:3  | Found Peaxzy's Magic Scroll Shop.
 12971 | Snake:2  | Reached XP level 19. HP: 49/170 MP: 31/31
 13011 | Snake:2  | Received a gift from Okawaru
 13017 | Snake:2  | Noticed Saint Roka
 13072 | Snake:2  | Killed Saint Roka
 13159 | Snake:4  | Entered Level 4 of the Snake Pit
 13223 | Snake:4  | Identified the +9 broad axe "Plojy" {flame, rPois Int+3}
                  | (Okawaru gifted it to you on level 4 of the Snake Pit)
 13223 | Snake:4  | Received a gift from Okawaru
 13533 | Snake:4  | Noticed Vashnia
 13566 | Snake:4  | Received a gift from Okawaru
 13606 | Snake:4  | Killed Vashnia
 13723 | Snake:4  | Reached XP level 20. HP: 110/178 MP: 29/32
 13753 | Snake:4  | Got a serpentine rune of Zot
 13777 | Snake:4  | Noticed Agnes
 13787 | Snake:4  | Killed Agnes
 13798 | Snake:4  | Received a gift from Okawaru
 13963 | Snake:3  | Bought a scroll of acquirement for 520 gold pieces
 13963 | Snake:3  | Bought a scroll of enchant weapon for 75 gold pieces
 13963 | Snake:3  | Bought a scroll of enchant armour for 75 gold pieces
 13963 | Snake:3  | Acquired the scarf of the Turtle {rC+ rF+, Int+5 Slay+3}
 13989 | Snake:3  | Bought a scroll of fog for 40 gold pieces
 13989 | Snake:3  | Bought a scroll of fear for 40 gold pieces
 13989 | Snake:3  | Bought a scroll of fear for 40 gold pieces
 13989 | Snake:3  | Bought a scroll of teleportation for 30 gold pieces
 13989 | Snake:3  | Bought a scroll of teleportation for 30 gold pieces
 14005 | Snake:2  | Noticed Kirke
 14011 | Snake:2  | Killed Kirke
 14297 | Lair:2   | Identified the +0 leather armour of Etwoqok {*Corrode rElec
                  | Str+7 Dex-2}
 14450 | Orc:2    | Bought a fine ring mail for 297 gold pieces
 14450 | Orc:2    | Identified the +4 ring mail "Rulokk" {rElec Will+ Stlth-}
                  | (You bought it in a shop on level 2 of the Orcish Mines)
 14462 | Orc:2    | Bought a glowing hat for 231 gold pieces
 14491 | Elf:1    | Entered Level 1 of the Elven Halls
 14498 | Orc:2    | Received a gift from Okawaru
 14607 | Elf:3    | Entered Level 3 of the Elven Halls
 14660 | Elf:2    | Paralysed by an air elemental for 1 turns
 14688 | Elf:3    | Paralysed by an air elemental for 1 turns
 15011 | Abyss:4  | Cast into level 4 of the Abyss (+4 scimitar of distortion)
 15013 | Abyss:4  | Got an abyssal rune of Zot
 15246 | Abyss:4  | Found a corrupted altar of Lugonu.
 15343 | Abyss:4  | Reached skill level 16 in Fighting
 15391 | Elf:3    | Escaped the Abyss
 15457 | Elf:2    | Received a gift from Okawaru
 15493 | Elf:3    | Reached XP level 21. HP: 188/188 MP: 33/33
 15608 | Elf:3    | Noticed a Hell Sentinel
 16017 | Elf:3    | Received a gift from Okawaru
 16036 | Elf:3    | Noticed a Hell Sentinel
 16041 | Elf:2    | Paralysed by an air elemental for 1 turns
 16136 | Elf:3    | Identified the +6 halberd of Degoss {elec, rPois rN+ Int+4
                  | Dex-4}
 16175 | Arena    | Entered the Arena
 16258 | Arena    | Entered the Arena
 16370 | Arena    | Entered the Arena
 16400 | Elf:3    | Reached skill level 17 in Fighting
 16423 | Elf:3    | Reached skill level 15 in Armour
 16423 | Elf:3    | Reached skill level 15 in Dodging
 16437 | Elf:3    | Received a gift from Okawaru
 16514 | Elf:3    | Got the Vademecum on Talus and Malediction
 16548 | Elf:3    | Identified the +0 scale mail of Rotten Beauty {Harm Str+6
                  | Int-2 Dex-5}
 16559 | Elf:3    | Identified the staff of death "Jygear" {rC+ rN+}
 16620 | Elf:2    | Reached XP level 22. HP: 200/200 MP: 35/35
 16703 | Elf:1    | Received a gift from Okawaru
 16849 | Orc:2    | Bought a runed broad axe for 168 gold pieces
 17076 | Vaults:1 | Entered Level 1 of the Vaults
 17095 | Vaults:1 | Found Miushrut's Jewellery Shop.
 17125 | Vaults:1 | Upgraded the game from 0.30-a0-1112-gfb780f5df6 to
                  | 0.30-a0-1114-gd936c97349
 17129 | Vaults:1 | Learned a level 3 spell: Portal Projectile
 17134 | Vaults:1 | Learned a level 4 spell: Passage of Golubria
 17158 | Vaults:1 | Reached skill level 1 in Hexes
 17275 | Vaults:2 | Found Nannuc's General Store.
 17281 | Vaults:2 | Bought a scroll of immolation for 64 gold pieces
 17281 | Vaults:2 | Bought a scroll of poison for 64 gold pieces
 17368 | Vaults:3 | Found a staircase to the Crypt.
 17557 | Vaults:3 | Identified the +0 pair of gloves of the Valley of Death
                  | {Regen+ rCorr} (Okawaru gifted it to you on level 3 of the
                  | Vaults)
 17557 | Vaults:3 | Received a gift from Okawaru
 17558 | Vaults:3 | Reached skill level 5 in Hexes
 17854 | Vaults:5 | Entered Level 5 of the Vaults
 17859 | Vaults:4 | Found Yrhodaz's Weapon Emporium.
 17859 | Vaults:4 | Found Fitzaroe's Book Emporium.
 18209 | Vaults:3 | Reached skill level 18 in Fighting
 18245 | Vaults:3 | Found Qifi's Weapon Shop.
 18290 | Vaults:3 | Reached XP level 23. HP: 209/209 MP: 36/36
 18451 | Vaults:4 | Found Xoxut's Armour Shoppe.
 18492 | Vaults:4 | Found Misk's Distillery.
 18508 | Vaults:4 | Identified the +2 pair of boots "Puor" {+Blink rF- Str+5
                  | Stlth+} (Okawaru gifted it to you on level 4 of the Vaults)
 18508 | Vaults:4 | Received a gift from Okawaru
 18544 | Vaults:4 | Bought a potion of flight for 69 gold pieces
 18544 | Vaults:4 | Bought a potion of mutation for 184 gold pieces
 18544 | Vaults:4 | Bought a potion of heal wounds for 115 gold pieces
 18544 | Vaults:4 | Bought a potion of curing for 69 gold pieces
 18544 | Vaults:4 | Bought 2 potions of resistance for 460 gold pieces
 18544 | Vaults:4 | Bought a potion of heal wounds for 115 gold pieces
 18544 | Vaults:4 | Bought a potion of might for 92 gold pieces
 18544 | Vaults:4 | Bought a potion of resistance for 230 gold pieces
 18544 | Vaults:4 | Bought a potion of flight for 69 gold pieces
 19269 | Vaults:2 | Acquired the +2 pair of gloves "Duppoan" {rCorr Int+2}
 19370 | Vaults:2 | Reached skill level 10 in Evocations
 19535 | Vaults:1 | Reached skill level 10 in Throwing
 19540 | Vaults:1 | Reached skill level 19 in Fighting
 19634 | Vaults:1 | Identified the +0 pair of boots of the Growing Gods
                  | {Rampage rCorr Str+2 Int-2} (Okawaru gifted it to you on
                  | level 1 of the Vaults)
 19634 | Vaults:1 | Received a gift from Okawaru
 19736 | Vaults:1 | Found Poklienurr's Armour Emporium.
 19754 | Vaults:1 | Noticed Nikola
 19766 | Vaults:1 | Killed Nikola
 19767 | Vaults:1 | Reached XP level 24. HP: 204/212 MP: 27/37
 19887 | Vaults:1 | Found Ketieq's Antique Weapon Emporium.
 20077 | Vaults:1 | Reached skill level 20 in Fighting
 20415 | D:14     | Identified the +9 morningstar of Spores {pain, Int+4 SInv}
 20431 | D:14     | Identified the ring of Jethryapo {rC+ rN+ Int+6 Dex+6
                  | Stlth-}
 20540 | D:15     | Found a staircase to the Depths.
 20560 | Depths:1 | Entered Level 1 of the Depths
 20926 | Depths:1 | Upgraded the game from 0.30-a0-1114-gd936c97349 to
                  | 0.30-a0-1116-gebefce21f7
 20993 | Depths:1 | Found a gateway to Hell.
 21034 | Depths:2 | Received a gift from Okawaru
 21046 | Depths:2 | Found a hazy altar of Hepliaklqana.
 21057 | Depths:2 | Found a one-way gateway to a ziggurat.
 21116 | Depths:3 | Noticed a golden dragon
 21154 | Depths:3 | Killed a golden dragon
 21190 | Depths:3 | Received a gift from Okawaru
 21298 | Depths:3 | Reached skill level 21 in Fighting
 21414 | Depths:4 | Entered Level 4 of the Depths
 21466 | Depths:3 | Reached XP level 25. HP: 218/235 MP: 37/37
 21486 | Depths:3 | Found a one-way gate to the infinite horrors of the Abyss.
 21558 | Depths:3 | Found Ewavergh's Antique Armour Boutique.
 21585 | Depths:3 | Received a gift from Okawaru
 21743 | Depths:2 | Reached skill level 5 in Spellcasting
 21841 | Depths:3 | Found a portal to a secret trove of treasure.
 21872 | Depths:3 | You paid a toll of 14 potions of curing to enter a treasure
                  | trove
 21873 | Trove    | Entered a treasure trove
 21880 | Trove    | Identified the +0 cloak "Qiapludgh" {rElec rPois rN+}
 21882 | Trove    | Identified the +2 cloak of Podiegev {Dex+4}
 21893 | Trove    | Identified the orb of Gluttony {*Rage, MP+9}
 21932 | Trove    | Identified the +0 hat of the Teacher {Harm Rampage rF-
                  | Will+}
 21935 | Trove    | Identified the +1 hat of Indomitability {Rampage rF+ rN+
                  | Str+4}
 21954 | Trove    | Identified the +1 pair of boots of the Skies Above {Regen+}
 22108 | Depths:4 | Found Pufuoxku's Antique Weapon Boutique.
 22116 | Depths:4 | Bought a smoking battleaxe for 345 gold pieces
 22116 | Depths:4 | Identified the +9 battleaxe "Qaesumir" {heavy, Int-4 Dex+3}
                  | (You bought it in a shop on level 4 of the Depths)
 22260 | Depths:4 | Reached skill level 10 in Translocations
 22281 | Depths:4 | Reached skill level 15 in Axes
 22297 | Depths:4 | Noticed a golden dragon
 22298 | Depths:4 | Noticed a golden dragon
 22318 | Depths:4 | Killed a golden dragon
 22323 | Depths:4 | Killed a golden dragon
 22368 | Depths:4 | Received a gift from Okawaru
 22419 | Depths:4 | Received a gift from Okawaru
 22536 | Depths:4 | Identified the +6 falchion of Fear {speed, rF+++ Stlth-}
 22620 | Arena    | Entered the Arena
 22801 | Depths:4 | Found a gate to the Realm of Zot.
 22804 | Depths:4 | Identified the staff of air "Jexekat" {*Corrode rElec rPois
                  | rC+++ SInv}
 23073 | Zot:1    | Entered Level 1 of the Realm of Zot
 23150 | Zot:1    | Received a gift from Okawaru
 23163 | Zot:1    | Reached XP level 26. HP: 112/244 MP: 32/37
 23184 | Zot:1    | Noticed an ancient lich
 23193 | Zot:1    | Noticed a curse toe
 23197 | Arena    | Entered the Arena
 23204 | Arena    | Killed an ancient lich
 23269 | Zot:1    | Killed a curse toe
 23399 | Zot:1    | Noticed a curse toe
 23408 | Zot:1    | Killed a curse toe
 23499 | Zot:1    | Received a gift from Okawaru
 23518 | Zot:1    | Acquired Sif Muna's Performing Successful Willworking
 23627 | Zot:2    | Reached skill level 22 in Fighting
 23750 | Zot:3    | Received a gift from Okawaru
 23760 | Zot:3    | Noticed a dread lich
 23814 | Zot:3    | Noticed a dread lich
 23844 | Zot:3    | Found a radiant altar of Vehumet.
 23845 | Zot:3    | Found a transporter.
 24039 | Zot:5    | Entered Level 5 of the Realm of Zot
 24079 | Zot:5    | Reached XP level 27. HP: 254/254 MP: 37/37
 24155 | Zot:5    | Received a gift from Okawaru
 24158 | Zot:5    | Acquired 743 gold pieces
 24280 | Zot:5    | Noticed an orb of fire
 24283 | Zot:4    | Received a gift from Okawaru
 24310 | Zot:5    | Noticed a Killer Klown
 24311 | Zot:5    | Noticed a Killer Klown
 24312 | Zot:5    | Noticed a Killer Klown
 24313 | Zot:5    | Gained mutation: You are resistant to electric shocks.
                  | (rElec) [an orb of fire]
 24318 | Zot:5    | Killed a Killer Klown
 24318 | Zot:5    | Received a gift from Okawaru
 24319 | Zot:5    | Killed an orb of fire
 24323 | Zot:5    | Noticed a Killer Klown
 24325 | Zot:5    | Killed a Killer Klown
 24328 | Zot:5    | Killed a Killer Klown
 24340 | Zot:5    | Killed a Killer Klown
 24362 | Zot:5    | Noticed a dread lich
 24369 | Zot:5    | Killed a dread lich
 24382 | Zot:5    | Identified the +7 quick blade "Noorr" {freeze, rPois rF+
                  | rCorr Str+3} (Okawaru gifted it to you on level 5 of the
                  | Realm of Zot)
 24382 | Zot:5    | Received a gift from Okawaru
 24416 | Zot:5    | Noticed a Killer Klown
 24426 | Zot:5    | Noticed an orb of fire
 24428 | Zot:5    | Noticed a Killer Klown
 24429 | Zot:5    | Noticed a Killer Klown
 24436 | Zot:5    | Killed an orb of fire
 24436 | Zot:5    | Killed a Killer Klown
 24438 | Zot:5    | Noticed a Killer Klown
 24443 | Zot:5    | Killed a Killer Klown
 24444 | Zot:5    | Killed a Killer Klown
 24457 | Zot:5    | Killed a Killer Klown
 24457 | Zot:5    | Noticed a Killer Klown
 24462 | Zot:5    | Killed a Killer Klown
 24504 | Zot:5    | Identified the +4 crystal plate armour of the Amoeba
                  | {Contam Will++ Str+2 Dex+2} (Okawaru gifted it to you on
                  | level 5 of the Realm of Zot)
 24504 | Zot:5    | Received a gift from Okawaru
 24505 | Zot:5    | Reached skill level 23 in Fighting
 24761 | Zot:4    | Found a transporter.
 24764 | Zot:4    | Found a transporter.
 24990 | Zot:2    | Reached skill level 24 in Fighting
 25094 | Zot:2    | You fall into a shaft and drop 2 floors!
 25312 | Zot:5    | Got the Orb of Zot
 25416 | Zot:3    | Noticed an orb of fire
 25941 | D:$      | Escaped with the Orb!

Illustrated notes

Levels and vault maps discovered:
D:1:      lightli_arrival_chessboard, layout_loops_ring,
          shapermc_ecumenical_altar_gd, nicolae_figureground_pulse
D:2:      layout_basic
D:3:      layout_rooms
D:4:      layout_cave_pools, okawaru_metal_pillars_1_2, uniq_ijyb
D:5:      minmay_polygon_palace, layout_basic
D:6:      layout_basic, uniq_menkaure, uniq_pikel
D:7:      layout_basic, elyvilon_altar_1, mainiacjoe_overflow_24_doors,
          nicolae_overflow_two_pavilions, minmay_temple_entry_butterflies,
          uniq_prince_ribbit1
D:8:      layout_basic, mainiacjoe_overflow_surrounded_room,
          gammafunk_ghost_necromancy, mrwooster_statue_mirror,
          nicolae_elemental_shop
D:9:      layout_basic, uniq_joseph, uniq_erica
D:10:     cheibrodos_breeding_chamber, layout_stronghold,
          palyth_temple_overflow_mages, corexii_checkpoint_a,
          hangedman_abyss_or_decor_lesser_grid
D:11:     layout_rooms, david_lair_shrubbed, hangedman_abyss_or_decor_passed
D:12:     minmay_gate_of_8, layout_cross, serial_undead, serial_undead_a,
          serial_undead_a, serial_undead_b, serial_undead_b, serial_undead_c,
          uniq_azrael
D:13:     layout_irregular_city, minivault_5, minmay_fountain_box
D:14:     kennysheep_water_balloons, layout_loops_cross, david_vaults_2,
          serial_co_window_serial, co_window_of_opportunity_a,
          co_window_paths_a, co_window_of_opportunity_a,
          co_window_of_opportunity_a, co_window_corner_a, co_window_corner_b,
          co_window_2corner, co_window_broadway_c, co_window_corner_b,
          co_window_unsneaky_path_d, co_window_2corner, co_window_paths_e,
          glass_columns_a
D:15:     grunt_enter_depths_snipers, layout_cave_pods, corexii_corridor_pit,
          lemuel_blue_sif_altar
Lair:1:   layout_cellular_growth, basic_altar, infiniplex_staircase_pool_2,
          serial_bayou_shore_b, uniq_maggie
Lair:2:   layout_regular_city, minmay_snake_entry_guardpost_small,
          grunt_megastairs_3, lemuel_fruit_tree
Lair:3:   layout_layer_cave, swamp_mist_pool, nicolae_lair_grove_arrangements,
          grunt_megastairs_5
Lair:4:   layout_layer_cave, grunt_megastairs_4
Lair:5:   minmay_lair_end_enchanted_forest, layout_misc_corridors,
          slime_entry_1, serial_forest, infiniplex_forest_zigzag_1,
          infiniplex_forest_clump_small, infiniplex_forest_clump_double,
          infiniplex_forest_lined_ring, infiniplex_forest_clump_curved,
          infiniplex_forest_lined_corner, infiniplex_forest_3_way,
          infiniplex_forest_clump_diagonal, infiniplex_forest_clump_small,
          serial_bayou_shore_a
Swamp:1:  layout_basic_swamp, serial_swamp_ruin, evilmike_swamp_ruin_house_2,
          evilmike_swamp_ruin_rubble_1, evilmike_swamp_ruin_house_4
Swamp:2:  layout_basic_swamp, nicolae_swamp_well_well_well, swamp_pool2
Swamp:3:  layout_basic_swamp, evilmike_swamp_ruin_wall
Swamp:4:  nzn_swamp_witches_coven, layout_basic_swamp, swamp_pool4
Snake:1:  layout_grid_maze, st_stairs_10
Snake:2:  layout_grid_shapes, uniq_frances, uniq_kirke, uniq_saint_roka
Snake:3:  layout_onion, serial_shops, nicolae_shop_statue_plus
Snake:4:  johnstein_snake_rune_scales, layout_onion, grunt_megastairs_1,
          uniq_agnes
Orc:1:    layout_caves
Orc:2:    st_orc_rangers, layout_caves, basic_altar, serial_shops, shop,
          uniq_josephine, uniq_erolcha
Elf:1:    layout_geoelf_grid, serial_shops, shop, minmay_elf_crystal_hexagon,
          st_stairs_1
Elf:2:    nicolae_elf_blades_crystal_corner, layout_loops_cross,
          minmay_elf_annihilation
Elf:3:    minmay_elf_hall_four_x, layout_geoelf_diagonals
Vaults:1: v_misc_25, vaults_room_hallway, v_alt_pattern_5,
          nicolae_vaults_gold_heap, nicolae_vaults_diagonal_hallway_8,
          layout_vaults_omnigrid, serial_shops, nicolae_shop_waterfront, shop,
          nicolae_shop_tiny_waterfront, uniq_nikola
Vaults:2: v_misc_24, nicolae_vaults_angled_halls, nicolae_vaults_triangles,
          v_misc_5, v_pattern_4, hangedman_vaults_maws, v_misc_3,
          vaults_room_fours, vaults_room_hangedman_quadrants,
          nicolae_vaults_little_ls, vaults_room_octagon,
          grunt_vaults_hallway_short, nicolae_vaults_rhombus_5,
          ontoclasm_vaults_fault, layout_vaults_omnicross, serial_shops, shop
Vaults:3: nicolae_vaults_quartermaster, blue_anna_dwarven_crypt, v_pattern_2,
          hangedman_vaults_corner_blocks, nicolae_vaults_rhombus_6,
          vaults_dpeg_encased_lava, layout_vaults_chaotic_city, serial_shops,
          shop, uniq_margery
Vaults:4: v_misc_2, hangedman_vaults_stagger, vaults_standard_mumra_x,
          vaults_mumra_hexcomb, nicolae_vaults_little_squares_1, v_rooms_6,
          ontoclasm_vaults_tryst, nicolae_vaults_theta, v_misc_18,
          ontoclasm_vaults_misaligned, vaults_room_hallway, v_misc_22,
          layout_vaults_ring, serial_shops, shop, shop,
          nicolae_shop_window_shopping, shop, nicolae_shop_peninsula
Vaults:5: serial_shops
Depths:1: layout_cave_pools, zin_angel, pf_hell_entry_tar_river,
          minmay_checkered_concentric_circles
Depths:2: kennysheep_six_static_rooms, layout_cave_pools, enter_ziggurat_d,
          rand_demon_pan_entry_7, chequers_decorated_corner,
          hangedman_geh_valley, nicolae_hepliaklqana_hazy_memory, uniq_sojobo
Depths:3: dreamdust_cat_pyramid, layout_gridville, abyss_entry,
          minmay_misc_feat_secret_circle, serial_shops, nicolae_lakefront_shop,
          hell_entry, nicolae_trove_entry_path_of_doom
Depths:4: lemuel_castle_with_subvaults [lemuel_castle_interior_carwin_3],
          layout_cave_shapes, serial_shops, nicolae_shop_tiny_real_fake_doors,
          nrook_campfire, hangedman_coc_ice_floe
Zot:1:    hangedman_snap_crack_crunch, layout_concentric_octagons
Zot:2:    layout_misc_corridors, hangedman_swamp_dais, uniq_josephina
Zot:3:    gammafunk_sealed_library, layout_cellular_growth
Zot:4:    gammafunk_sealed_arena, layout_onion
Zot:5:    layout_onion

Skill      XL: |  1  2  3  4  5  6  7  8  9 10 11 12 13 14 15 16 17 18 19 20 21 22 23 24 25 26 27 |
---------------+----------------------------------------------------------------------------------+-----
Dodging        | 1 2 3 4 5 7 9 10 12 13 15 16 | 16.0
Armour         | 1 2 3 4 5 7 9 10 12 13 15 16 | 16.0
Throwing       | 3 4 5 6 10 | 10.0
Evocations     | 2 3 5 6 7 10 | 10.0
Fighting       | 2 3 5 6 7 9 10 12 13 14 15 16 17 18 19 21 22 24 | 24.6
Ranged Weapons | 1 2 4 5 6 8 10 11 12 13 15 18 20 21 | 21.0
Invocations    | 1 3 5 6 8 10 11 13 14 15 16 17 18 20 | 20.0
Staves         | 7 8 10 12 14 | 14.0
Spellcasting   | 2 3 4 5 8 |  8.0
Translocations | 2 5 6 8 10 12 13 | 13.0
Axes           | 10 13 14 18 20 | 20.0
Hexes          | 5 6 8 9 |  9.0
Stealth        | |  1.0

Action                     |  1- 3 |  4- 6 |  7- 9 | 10-12 | 13-15 | 16-18 | 19-21 | 22-24 | 25-27 || total
---------------------------+-------+-------+-------+-------+-------+-------+-------+-------+-------++-------
  Melee: Quarterstaff      |    70 |   107 |    97 |   356 |   685 |   121 |       |       |       ||  1436
         Dagger            |       |       |       |     3 |     5 |       |       |       |       ||     8
         Lajatang          |       |       |       |       |   349 |   751 |   592 |   988 |   605 ||  3285
         Broad axe         |       |       |       |       |       |       |       |     3 |       ||     3
         Battleaxe         |       |       |       |       |       |       |       |       |   443 ||   443
   Fire: Hand crossbow     |       |     4 |    98 |   241 |   104 |       |       |       |    11 ||   458
         Arbalest          |       |       |       |       |    79 |       |       |       |       ||    79
         Triple crossbow   |       |       |       |       |   104 |   254 |   530 |   497 |   193 ||  1578
  Throw: Boomerang         |       |       |     1 |       |       |       |       |       |       ||     1
         Dart              |       |       |       |       |       |     2 |       |       |     2 ||     4
         Javelin           |       |       |       |       |       |       |     5 |       |     1 ||     6
   Cast: Apportation       |       |       |       |       |    35 |    74 |    46 |    53 |    31 ||   239
         Blink             |       |       |       |       |       |       |     2 |     2 |     1 ||     5
         Portal Projectile |       |       |       |       |       |       |       |    50 |    20 ||    70
 Invoke: Heroism           |       |       |     2 |    10 |    14 |    21 |    11 |     4 |    12 ||    74
         Finesse           |       |       |       |       |     3 |       |     3 |       |     2 ||     8
         Duel              |       |       |       |       |       |     1 |     3 |       |     2 ||     6
Ability: Evoke Blink       |       |       |       |       |       |       |       |       |     2 ||     2
  Evoke: Wand              |       |       |       |     2 |     6 |     5 |     4 |       |     4 ||    21
         Tin of tremorston |       |       |       |       |       |     2 |     2 |     1 |       ||     5
    Use: Scroll            |       |     6 |     2 |     1 |    11 |    13 |    18 |    16 |    11 ||    78
         Potion            |       |       |       |       |     1 |     5 |     6 |       |     5 ||    17
   Stab: Invisible         |       |       |       |       |     1 |       |       |       |       ||     1
         Sleeping          |       |       |       |       |       |     2 |       |       |       ||     2
         Fleeing           |       |       |       |       |       |       |     1 |       |       ||     1
 Armour: Robe              |    18 |       |       |       |       |       |       |       |       ||    18
         Ring mail         |    16 |    36 |       |       |       |       |   157 |   265 |       ||   474
         Scale mail        |       |    23 |    94 |   321 |   694 |   340 |     5 |       |       ||  1477
         Swamp dragon scal |       |       |       |       |       |    50 |    60 |       |       ||   110
         Gold dragon scale |       |       |       |       |       |       |       |    54 |   759 ||   813
  Dodge: Dodged            |    29 |    36 |    79 |   302 |   920 |   491 |   441 |  1065 |  1073 ||  4436
  Block: Other             |       |       |    33 |    49 |   206 |   138 |   120 |   208 |       ||   754
         Reflection        |       |       |     1 |     3 |    20 |     5 |    22 |    25 |       ||    76
         Buckler           |       |       |       |       |    21 |       |       |       |       ||    21

Table legend: (Time is in decaauts)
 A = Elapsed time spent in this place.
 B = Non-inter-level travel time spent in this place.
 C = Inter-level travel time spent in this place.
 D = Time resting spent in this place.
 E = Time spent auto-exploring this place.
 F = Levels seen in this place.
 G = Mean time per level.
                   A        B        C        D        E       F      G
               +--------+--------+--------+--------+--------+-----+--------+
         Total |  24793 |  20523 |   4270 |     76 |      0 |  55 |  450.8 |
       Dungeon |   8176 |   6367 |   1809 |     15 |      0 |  15 |  545.1 |
          Lair |   2084 |   1696 |    388 |      0 |      0 |   5 |  416.8 |
         Swamp |   1882 |   1637 |    245 |      0 |      0 |   4 |  470.5 |
     Snake Pit |   2029 |   1634 |    395 |      0 |      0 |   4 |  507.2 |
  Orcish Mines |    975 |    800 |    175 |      0 |      0 |   2 |  487.5 |
   Elven Halls |   1688 |   1461 |    227 |      1 |      0 |   3 |  562.7 |
        Vaults |   2877 |   2581 |    296 |      0 |      0 |   5 |  575.4 |
        Depths |   2134 |   1850 |    284 |      4 |      0 |   4 |  533.5 |
           Zot |   2399 |   1951 |    448 |      2 |      0 |   5 |  479.8 |
         Abyss |    313 |    313 |      0 |      4 |      0 |   1 |  313.0 |
         Trove |     95 |     95 |      0 |      0 |      0 |   1 |   95.0 |
         Arena |    136 |    136 |      0 |     48 |      0 |   6 |   22.7 |
               +--------+--------+--------+--------+--------+-----+--------+

Top non-repeatable levels by time:
Depths:4: 1020 daAuts
   Elf:3: 1012 daAuts
    D:10: 959 daAuts
    D:14: 936 daAuts
 Snake:1: 870 daAuts
   Zot:5: 779 daAuts
Vaults:4: 765 daAuts
     D:9: 762 daAuts
Vaults:3: 751 daAuts
 Swamp:4: 716 daAuts
Vaults:1: 682 daAuts
Vaults:2: 676 daAuts
Depths:3: 667 daAuts
    D:13: 660 daAuts
    D:12: 641 daAuts
